 Dungeon Crawl Stone Soup version 0.26-a0-546-g3c2127501a (webtiles) character file.

Game seed: 7083625438615861389

2011 ANON1729 the Cleaver (level 9, 0/82 HPs)
             Began as a Hill Orc Fighter on Aug 19, 2020.
             Was a Believer of Beogh.
             Slain by a killer bee (3 damage)
             ... on level 7 of the Dungeon.
             The game lasted 00:06:53 (6019 turns).

ANON1729 the Cleaver (Hill Orc Fighter)             Turns: 6019, Time: 00:06:53

Health: 0/82       AC:  9    Str: 27    XL:     9   Next: 22%
Magic:  9/9        EV: 10    Int:  8    God:    Beogh [**....]
Gold:   137        SH:  0    Dex: 13    Spells: 8/8 levels left

rFire    . . .     SeeInvis .   D - +3 battleaxe "Duolep" {flame, Str+5 Dex+3}
rCold    . . .     Faith    .   (shield currently unavailable)
rNeg     . . .     Spirit   .   b - +0 scale mail
rPois    +         Reflect  .   (no helmet)
rElec    .         Harm     .   C - scarf {shadows}
rCorr    +                      (no gloves)
MR       .....                  o - +0 pair of boots
Stlth    ..........             (no amulet)
HPRegen  0.23/turn              r - ring of resist corrosion
MPRegen  0.11/turn              v - ring of poison resistance

@: lethally poisoned (0 -> 0)
A: no striking features
a: Smiting, Renounce Religion


You were on level 7 of the Dungeon.
You worshipped Beogh.
Beogh was pleased with you.
You visited 1 branch of the dungeon, and saw 7 of its levels.

You collected 447 gold pieces.
You spent 310 gold pieces at shops.

Inventory:

Hand Weapons
 a - a +0 war axe
 D - the +3 battleaxe "Duolep" (weapon) {flame, Str+5 Dex+3}
   (You bought it in a shop on level 5 of the Dungeon)

   It has been specially enchanted to burn those struck by it, causing extra
   injury to most foes and up to half again as much damage against particularly
   susceptible opponents.
   Big, fiery blades are also staple armaments of hydra-hunters.
   It affects your strength (+5).
   It affects your dexterity (+3).
Armour
 b - a +0 scale mail (worn)
 c - a +0 kite shield
 o - a +0 pair of boots (worn)
 C - a scarf of shadows (worn)
Jewellery
 r - a ring of resist corrosion (left hand)
 v - a ring of poison resistance (right hand)
 x - an uncursed ring of flight
Wands
 t - a wand of flame (15)
 u - a wand of paralysis (6)
 w - a wand of disintegration (17)
 y - a wand of iceblast (7)
 F - a wand of enslavement (4)
Scrolls
 e - 6 scrolls of remove curse {unknown}
 f - 9 scrolls of identify {unknown}
 h - 6 scrolls of teleportation {unknown}
 j - 2 scrolls of amnesia {unknown}
 k - a scroll of random uselessness {unknown}
 m - 2 scrolls of fog {unknown}
 p - a scroll of immolation {unknown}
 z - a scroll of enchant weapon {unknown}
 B - a scroll of vulnerability {unknown}
 H - a scroll of enchant armour {unknown}
 J - a scroll of silence {unknown}
Potions
 d - 2 potions of might
 g - a potion of brilliance {unknown}
 i - 3 potions of mutation {unknown}
 l - 2 potions of stabbing {unknown}
 n - 2 potions of haste {unknown}
 q - a potion of heal wounds {unknown}
 s - 2 potions of lignification {unknown}
 A - a potion of ambrosia {unknown}
 E - 2 potions of curing {unknown}
 G - a potion of degeneration {unknown}
 I - 2 potions of berserk rage {unknown}
 K - a potion of resistance {unknown}


   Skills:
 + Level 8.8 Fighting
 + Level 9.2 Axes
 + Level 8.0 Armour
 - Level 4.0 Shields


You had 8 spell levels left.
You didn't know any spells.
Your spell library was empty.

Dungeon Overview and Level Annotations

Branches:
Dungeon (7/15)             Temple (0/1) D:7

Altars:
Ashenzari
Cheibriados
Fedhas
Hepliaklqana
Kikubaaqudgha
Okawaru
Uskayaw
Zin
The Shining One

Shops:
D:5 (


Message History

You miss the killer bee. The killer bee misses you.
The killer bee stings you. x2
* * * LOW HITPOINT WARNING * * *
The killer bee closely misses you. The killer bee misses you.
The killer bee barely misses you.
You barely miss the killer bee.
The killer bee is severely wounded.
You barely miss the killer bee.
You feel sick. The killer bee stings you.
* * * LOW HITPOINT WARNING * * *
The killer bee stings you but does no damage.
The killer bee closely misses you. The killer bee misses you.
You hit the killer bee. You burn the killer bee.
The killer bee is almost dead.
You closely miss the killer bee. The killer bee closely misses you.
The killer bee stings you.
* * * LOW HITPOINT WARNING * * *
The killer bee misses you. The killer bee barely misses you.
The killer bee stings you!
* * * LOW HITPOINT WARNING * * *
The killer bee stings you.
You die...

#.# ##.#######.......# #.#
##...........##.### #.#
#............##.# #.#
##..............#
#.###########..........####
#......................#
#############..........#
#..........# #@†..>.....#
#yy........# #.##########
##.## ######P.P#
#....##.####
########.##P#...#P########
#......#.#....>..........#
#.####.#.#.P#...#P#####..###


You could see 2 killer bees.

Vanquished Creatures
  An ogre (D:7)
  3 centaurs
  A big kobold (D:7)
  3 bullfrogs (D:7)
  12 wights
  7 killer bees (D:7)
  4 howler monkeys
  A bullfrog zombie (D:6)
  A jelly (D:5)
  An iguana (D:6)
  2 worker ants
  A hound skeleton (D:4)
  2 howler monkey zombies
  5 gnolls
  8 adders
  3 shadow imps
  A white imp (D:7)
  An ufetubus (D:6)
  An ooze (D:3)
  An adder zombie (D:6)
  3 worms
  4 leopard geckos
  15 orcs
  10 bats
  6 giant cockroaches
  5 goblins
  12 hobgoblins
  2 ball pythons
  A ball python skeleton (D:4)
  2 frilled lizards
  A jackal zombie (D:6)
  18 kobolds
  9 rats
147 creatures vanquished.

Vanquished Creatures (others)
  An orc (D:4)
1 creature vanquished.

Grand Total: 148 creatures vanquished

Notes
Turn   | Place    | Note
-------+----------+-------------------------------------------
     0 | D:1      | ANON1729 the Hill Orc Fighter began the quest for the Orb.
     0 | D:1      | Reached XP level 1. HP: 19/19 MP: 1/1
   324 | D:1      | Reached XP level 2. HP: 27/27 MP: 2/2
   339 | D:1      | Reached skill level 3 in Axes
   463 | D:1      | Reached XP level 3. HP: 17/33 MP: 3/3
  1092 | D:2      | Reached XP level 4. HP: 25/40 MP: 4/4
  1745 | D:3      | Reached skill level 4 in Axes
  1745 | D:3      | Reached XP level 5. HP: 42/47 MP: 5/5
  1803 | D:3      | Found a glowing golden altar of the Shining One.
  1805 | D:3      | Found a hide-covered altar of Uskayaw.
  1805 | D:3      | Found a shattered altar of Ashenzari.
  1812 | D:3      | Found an iron altar of Okawaru.
  2228 | D:4      | Reached skill level 5 in Fighting
  2251 | D:4      | Became a worshipper of Beogh the Brigand
  2285 | D:4      | Noticed a centaur
  2290 | D:4      | Killed a centaur
  2290 | D:4      | Reached skill level 5 in Axes
  2290 | D:4      | Reached XP level 6. HP: 36/56 MP: 6/6
  2349 | D:4      | Reached skill level 5 in Armour
  2457 | D:4      | Paralysed by a wight for 4 turns
  2494 | D:4      | Reached XP level 7. HP: 52/62 MP: 7/7
  2551 | D:4      | Found a snail-covered altar of Cheibriados.
  2723 | D:4      | Reached skill level 6 in Axes
  2744 | D:5      | Entered Level 5 of the Dungeon
  3114 | D:5      | Found Reithrovai's Antique Weapon Shoppe.
  3690 | D:6      | Reached * piety under Beogh
  3690 | D:6      | Reached XP level 8. HP: 71/71 MP: 8/8
  3807 | D:6      | Reached skill level 7 in Axes
  4366 | D:6      | Found an ancient bone altar of Kikubaaqudgha.
  4419 | D:6      | Found a blossoming altar of Fedhas.
  4426 | D:6      | Found a hazy altar of Hepliaklqana.
  4694 | D:5      | Bought a masterwork battleaxe for 310 gold pieces
  4699 | D:5      | Identified the +3 battleaxe "Duolep" {flame, Str+5 Dex+3}
                  | (You bought it in a shop on level 5 of the Dungeon)
  5113 | D:7      | Found a staircase to the Ecumenical Temple.
  5140 | D:7      | Found a glowing silver altar of Zin.
  5164 | D:7      | Reached skill level 8 in Axes
  5628 | D:7      | Reached ** piety under Beogh
  5629 | D:7      | Reached XP level 9. HP: 73/82 MP: 9/9
  5636 | D:7      | Reached skill level 9 in Axes
  6019 | D:7      | HP: 3/82 [killer bee (8)]
  6019 | D:7      | Slain by a killer bee

Illustrated notes

Levels and vault maps discovered:
D:1:      onia_arrival_pentagram, layout_loops_ring, minmay_tree_intersection,
          minmay_3d_cube
D:2:      layout_basic
D:3:      layout_rooms, grunt_temple_overflow_open, kennysheep_another_room,
          okawaru_metal_pillars_3
D:4:      layout_rooms, overflow_temple_1_default, fountainhead
D:5:      layout_gridville, serial_shops, nicolae_shop_crystal
D:6:      layout_loops_corners, lemuel_crystal_altar,
          amethyst_overflow_temple_binary
D:7:      layout_loops_corners, overflow_temple_1_default,
          minmay_temple_entry_gardened_gates

Skill      XL: |  1  2  3  4  5  6  7  8  9 |
---------------+----------------------------+-----
Axes           | 3 4 5 6 8 9 |  9.2
Fighting       | 4 5 6 8 |  8.8
Shields        | 4 |  4.0
Armour         | 4 5 6 7 8 |  8.0

Action                   |  1- 3 |  4- 6 |  7- 9 || total
-------------------------+-------+-------+-------++-------
Melee: War axe           |   111 |   124 |   119 ||   354
       Battleaxe         |       |       |   111 ||   111
Invok: Convert to Beogh  |       |     1 |       ||     1
Evoke: Wand              |       |     7 |       ||     7
Armor: Scale mail        |    60 |    48 |   119 ||   227
Dodge: Dodged            |    34 |    39 |   163 ||   236
Block: Kite shield       |    72 |    77 |    65 ||   214

Table legend: (Time is in decaauts)
 A = Elapsed time spent in this place.
 B = Non-inter-level travel time spent in this place.
 C = Inter-level travel time spent in this place.
 D = Time resting spent in this place.
 E = Time spent auto-exploring this place.
 F = Levels seen in this place.
 G = Mean time per level.
                   A        B        C        D        E       F      G
               +--------+--------+--------+--------+--------+-----+--------+
         Total |   6175 |   5967 |    208 |   1513 |   3412 |   7 |  882.1 |
       Dungeon |   6175 |   5967 |    208 |   1513 |   3412 |   7 |  882.1 |
               +--------+--------+--------+--------+--------+-----+--------+

Top non-repeatable levels by time:
     D:6: 1467 daAuts
     D:7: 1297 daAuts
     D:1: 1049 daAuts
     D:2: 746 daAuts
     D:5: 568 daAuts
     D:4: 556 daAuts
     D:3: 489 daAuts
